 Dungeon Crawl Stone Soup version 0.18-a0-1542-g9c1a92e (webtiles) character file.

106 namelastname112 the Insei (level 4, -3/38 HPs)
             Began as a Draconian Monk on Mar 10, 2016.
             Slain by an orc wizard
             ... wielding a +0 dagger
              (4 damage)
             ... on level 2 of the Dungeon.
             The game lasted 00:02:50 (2299 turns).

namelastname112 the Insei (Draconian Monk)          Turns: 2299, Time: 00:02:50

Health: -3/38      AC:  6    Str: 14    XL:     4   Next: 55%
Magic:  4/4        EV: 13    Int: 10    God:
Gold:   91         SH:  4    Dex: 14    Spells: 0 memorised, 3 levels left

rFire  . . .     SeeInvis .       - Unarmed
rCold  . . .     Gourm    .     (armour unavailable)
rNeg   . . .     Faith    .     (no shield)
rPois  .         Spirit   .     (helmet restricted)
rElec  .         Dismiss  .     (no cloak)
rCorr  .         Reflect  +     i - +0 pair of gloves
SustAt .         Harm     .     (no boots)
MR     .....                    f - +4 amulet of reflection
Stlth  ++........               (no ring)
                                (no ring)

@: slowed, very slow, not resistant to hostile enchantments, unstealthy
A: unfitting armour, cold-blooded, AC +5
a: no special abilities


You were on level 2 of the Dungeon.
You were hungry.

You visited 1 branch of the dungeon, and saw 3 of its levels.

You collected 91 gold pieces.

Inventory:

Armour
 i - a +0 pair of gloves (worn)
Jewellery
 f - a +4 amulet of reflection (around neck)
Scrolls
 c - a scroll of magic mapping
 g - 2 scrolls of immolation {unknown}
Potions
 b - a potion of haste
Comestibles
 a - a bread ration


   Skills:
 - Level 3.2 Fighting
 - Level 2.6 Dodging
 - Level 1.7 Stealth
 + Level 6.0 Unarmed Combat


You had 3 spell levels left.
You didn't know any spells.

Dungeon Overview and Level Annotations

Branches:
Dungeon (3/15)

Altars:
Kikubaaqudgha

Annotations:
D:3 namelastname112's ghost, amateur DrCK


Innate Abilities, Weirdness & Mutations

Your plain brown scales are hard (AC +5).
Your body does not fit into most forms of armour.
You are cold-blooded and may be slowed by cold attacks.


Message History

You hit the orc wizard but do no damage.
The orc wizard is severely wounded.
The orc wizard hits you but does no damage.
The orc wizard closely misses you.
You closely miss the orc wizard.
The orc wizard is severely wounded.
The orc wizard closely misses you. The orc wizard hits you with a dagger.
* * * LOW HITPOINT WARNING * * *
Drink which item? (? for menu, Esc to quit)
It was a potion of magic.
Magic courses through your body.
The orc wizard points at you and mumbles some strange words.
The magic dart hits you!
* * * LOW HITPOINT WARNING * * *
The orc wizard casts a spell at you. You resist with some effort.
You hit the orc wizard but do no damage.
Your tail-slap misses the orc wizard.
The orc wizard is severely wounded.
You block the orc wizard's attack. The orc wizard hits you with a dagger.
You die...

.#..........#.#.......##..#
##.####.##..#.#...........#######
...# #.....#.#...####.#.#....)..
.######.#...#.(..........#.###...
...........##.[#..####.###.# #...
.####..................# #.# #...
<.................#.#..# #.# #...
.#....##.##....o.)#.#..# #.# #...
.#....#.........@.#.#..# #.# #...
.#.....#######..#.#.#..###.# ###.
.#................#.#......# #.
.#.....############.##.##### #.
.#............).)...##.# #.
.#.###.###############.#########.
.#.............[...# #.##........
....#..P....######.###.##.#######
##...P.###..............#.#


You could see an orc wizard.

Vanquished Creatures
  An orc wizard (D:3)
  2 adders (D:2)
  3 worms (D:2)
  A dart slug (D:1)
  7 orcs
  A giant cockroach (D:1)
  7 goblins
  4 hobgoblins (D:1)
  5 kobolds
  4 ball pythons (D:1)
  3 bats
  3 giant newts
  9 rats
50 creatures vanquished.

Notes
Turn   | Place    | Note
--------------------------------------------------------------
     0 | D:1      | namelastname112 the Draconian Monk began the quest for the Orb.
     0 | D:1      | Reached XP level 1. HP: 19/19 MP: 1/1
   132 | D:1      | Reached XP level 2. HP: 5/26 MP: 2/2
   924 | D:2      | Reached skill level 5 in Unarmed Combat
  1021 | D:2      | Found an ancient bone altar of Kikubaaqudgha.
  1040 | D:2      | Reached XP level 3. HP: 10/31 MP: 3/3
  1995 | D:3      | Reached XP level 4. HP: 9/38 MP: 4/4
  2121 | D:3      | Noticed namelastname112's ghost (amateur DrCK)
  2272 | D:3      | Reached skill level 6 in Unarmed Combat
  2298 | D:2      | HP: 1/38 [orc wizard/magic dart (5)]
  2299 | D:2      | Slain by an orc wizard

Vault maps used:
D:1:      matt_arrival_refuge, minmay_misc_feat_square,
          minmay_shallow_snake_nest
D:2:      kiku_gazebo_garden_becter

Skill      XL: |  1  2  3  4 |
---------------+-------------+-----
Unarmed Combat | 5 6 |  6.0
Fighting       | |  3.2
Dodging        | |  2.6
Stealth        | |  1.7

Action                   |  1- 3 |  4- 6 || total
-------------------------+-------+-------++-------
Melee: Unarmed           |   160 |    34 ||   194
  Use: Scroll            |     2 |       ||     2
       Potion            |     1 |     1 ||     2
 Stab: Sleeping          |     4 |       ||     4
  Eat: Chunk             |     3 |     1 ||     4
